 Dungeon Crawl Stone Soup version 0.29.1-13-g9f3cf754e1 (webtiles) character file.

Game seed: 2399052217856283422

7 Thatpatchoflichen the Vexing (level 2, -1/20 HPs)
             Began as a Human Enchanter on Feb 5, 2023.
             Slain by a jackal (3 damage)
             ... on level 1 of the Dungeon.
             The game lasted 00:01:07 (337 turns).

Thatpatchoflichen the Vexing (Human Enchanter)       Turns: 337, Time: 00:01:07

Health: -1/20      AC:  2    Str:  8    XL:     2   Next: 10%
Magic:  5/5        EV: 12    Int: 15    God:
Gold:   13         SH:  0    Dex: 13    Spells: 5/5 levels left

rFire   . . .      SeeInvis .   a - +1 dagger
rCold   . . .      Faith    .   (no shield)
rNeg    . . .      Spirit   .   b - +0 robe
rPois   .          Reflect  .   (no helmet)
rElec   .          Harm     .   (no cloak)
rCorr   .          Rampage  .   (no gloves)
Will    .....                   (no boots)
Stlth   ++........              (no amulet)
HPRegen 0.06/turn               (no ring)
MPRegen 0.09/turn               (no ring)

@: no status effects
A: no striking features
a: no special abilities


You were on level 1 of the Dungeon.
You visited 1 branch of the dungeon, and saw 1 of its levels.

You collected 13 gold pieces.

Inventory:

Hand Weapons
 a - a +1 dagger (weapon)
Armour
 b - a +0 robe (worn)
Scrolls
 d - 2 scrolls of noise {unknown}
 e - a scroll of torment {unknown}
Potions
 c - 2 potions of invisibility


   Skills:
 + Level 0.5 Fighting
 - Level 1.0 Short Blades
 + Level 2.2 Dodging
 - Level 3.0 Stealth
 + Level 2.1 Spellcasting
 + Level 3.1 Hexes


You had 5 spell levels left.
You didn't know any spells.
Your spell library contained the following spells:

 Spells                   Type           Power      Damage    Failure   Level
 Ensorcelled Hibernation  Hex/Ice        12%        N/A       17%         2
 Confusing Touch          Hex            11%        N/A       19%         3
 Tukima's Dance           Hex            11%        N/A       19%         3
 Dazzling Flash           Conj/Hex       12%        N/A       34%         3


Dungeon Overview and Level Annotations

Branches:
Dungeon (1/15)

Altars:


Message History

You barely miss the jackal.
The jackal is heavily wounded.
The jackal bites you.
You hit the jackal.
You kill the jackal!
You hit the jackal.
The jackal is heavily wounded.
The jackal closely misses you. The jackal barely misses you.
You hit the jackal.
The jackal is severely wounded.
The jackal misses you.
You hit the jackal but do no damage.
The jackal is severely wounded.
The jackal bites you.
* * * LOW HITPOINT WARNING * * *
You hit the jackal.
The jackal is almost dead.
The jackal bites you.
* * * LOW HITPOINT WARNING * * *
The jackal bites you but does no damage.
You hit the jackal.
You kill the jackal!
You have reached level 2!
You barely miss the jackal. The jackal bites you.
* * * LOW HITPOINT WARNING * * *
The jackal misses you.
You hit the jackal.
You kill the jackal!
The jackal misses you.
You hit the jackal but do no damage. The jackal closely misses you.
You closely miss the jackal. The jackal barely misses you.
You barely miss the jackal. The jackal misses you.
The jackal barely misses you.
You hit the jackal.
The jackal is moderately wounded.
The jackal barely misses you.
You hit the jackal.
The jackal is heavily wounded.
The jackal bites you.
You die...

##### PP## ..... ♣
♣♣...# #####
###♣.♣♣.♣P.#
....PPPPP.#
#..PP.PP# #.h..#
##.##.#######$######
...............h@..#
#####..####.######.#
#.# # ##♣♣♣♣♣###.#
##.......##.#
...♣♣♣♣♣...♣♣ ###♣
♣##♣P♣ P.. P..♣


You could see a jackal.

Vanquished Creatures
  2 endoplasms (D:1)
  3 jackals (D:1)
  A ball python (D:1)
6 creatures vanquished.

Vanquished Creatures (others)
  A plant (D:1)
1 creature vanquished.

Grand Total: 7 creatures vanquished

Notes
Turn   | Place    | Note
-------+----------+-------------------------------------------
     0 | D:1      | Thatpatchoflichen the Human Enchanter began the quest for
                  | the Orb.
     0 | D:1      | Reached XP level 1. HP: 13/13 MP: 3/3
   331 | D:1      | Reached XP level 2. HP: 5/20 MP: 5/5
   337 | D:1      | Slain by a jackal

Illustrated notes

Levels and vault maps discovered:
D:1:      lightli_arrival_lavapool, layout_loops_ring, serial_forest,
          infiniplex_forest_straight_4, infiniplex_forest_clump_small,
          infiniplex_forest_clump_medium, infiniplex_forest_diagonal,
          infiniplex_forest_clump_cross, infiniplex_forest_straight_4,
          infiniplex_forest_corner_2, shapermc_ecumenical_altar_totnotflames,
          minmay_tromino_i2

Action                   || total
-------------------------++-------
Melee: Dagger            ||    31
Armor: Robe              ||     6
Dodge: Dodged            ||    22
